 Dungeon Crawl Stone Soup version 0.30-a0-476-g330ca2eb8e (webtiles) character file.

Game seed: 17373271062873165310

126 bande the Trooper (level 5, -6/33 HPs)
             Began as a Gargoyle Fighter on Dec 22, 2022.
             Killed by divine providence
             ... invoked by an orc priest
              (12 damage)
             ... on level 3 of the Dungeon.
             The game lasted 00:03:44 (2044 turns).

bande the Trooper (Gargoyle Fighter)                Turns: 2044, Time: 00:03:45

Health: -6/33      AC: 12    Str: 19    XL:     5   Next: 10%
Magic:  5/5        EV:  9    Int:  9    God:
Gold:   168        SH:  4    Dex: 11    Spells: 4/4 levels left

rFire   . . .      SeeInvis .    a - +1 war axe
rCold   . . .      Faith    .    c - +0 buckler
rNeg    + . .      Spirit   .    b - +0 scale mail
rPois   ∞          Reflect  .    (no helmet)
rElec   +          Harm     .    (no cloak)
rCorr   .          Rampage  .    g - +0 pair of gloves
Will    .....                    (no boots)
Stlth   ..........               (no amulet)
HPRegen 0.25/turn                (no ring)
MPRegen 0.09/turn                (no ring)

@: silenced (expiring)
A: sickness immunity, AC +4, negative energy resistance 1, electricity
resistance, torment resistance 1, petrification resistance
a: no special abilities


You were on level 3 of the Dungeon.
You visited 1 branch of the dungeon, and saw 3 of its levels.

You collected 168 gold pieces.

Inventory:

Hand Weapons
 a - a +1 war axe (weapon)
Armour
 b - a +0 scale mail (worn)
 c - a +0 buckler (worn)
 g - a +0 pair of gloves (worn)
Jewellery
 h - a ring of wizardry
Potions
 d - 2 potions of might
 e - 3 potions of degeneration {unknown}
 f - a potion of curing {unknown}
 k - 2 potions of magic
 l - a potion of heal wounds {unknown}


   Skills:
 + Level 4.1 Fighting
 + Level 3.2 Axes
 + Level 3.9 Armour
 - Level 0.1 Stealth
 + Level 3.9 Shields


You had 4 spell levels left.
You didn't know any spells.
Your spell library contained the following spells:

 Spells                   Type           Power      Damage    Failure   Level
 Foxfire                  Conj/Fire      0%         2x1d4     83%         1
 Fireball                 Conj/Fire      0%         3d3       100%        5
 Starburst                Conj/Fire      0%         6d3       100%        6


Dungeon Overview and Level Annotations

Branches:
Dungeon (3/15)

Altars:

Shops:
D:1 !


Innate Abilities, Weirdness & Mutations

You are immune to sickness and miasma.
Your stone body is resilient. (AC +4)
You are immune to poison.
You resist negative energy. (rN+)
You are resistant to electric shocks. (rElec)
You are resistant to unholy torment.
You are immune to petrification.


Message History

The orc barely misses you.
You slash the orc!
You kill the orc!
An orc comes into view. It is wielding a +0 hand axe.
You slash the orc!
You kill the orc!
The orc wizard casts a spell at you. You resist with some effort.
The orc priest mumbles some strange prayers to Beogh against you.
Beogh smites you!
Ouch! That really hurt!
The orc wizard closely misses you.
Items here: ( )) †.
You are too injured to fight recklessly!
You are too injured to fight recklessly!
You are too injured to fight recklessly!
You are too injured to fight recklessly!
You are too injured to fight recklessly!
You are too injured to fight recklessly!
You are too injured to fight recklessly!
You are too injured to fight recklessly!
You are too injured to fight recklessly!
You are too injured to fight recklessly!
You are too injured to fight recklessly!
You barely miss the orc wizard. You block the orc wizard's attack.
You closely miss the orc wizard.
The orc wizard hits you with a +0 dagger.
The orc wizard casts a spell at you. The magic dart hits you!
* * * LOW HITPOINT WARNING * * *
You miss the orc wizard.
The orc wizard hits you but does no damage.
You slash the orc wizard!
The orc wizard is almost dead.
The orc wizard hits you but does no damage.
You closely miss the orc wizard.
The orc wizard is almost dead.
The orc priest invokes the aid of Beogh against you.
Beogh smites you!
You die...

♣.♣.# .. # ..♣.## #. #
....♣..#.. ###
..♣.♣♣##.#.# #...##..
##..#....#.###...####
#.#####..........###
#...................
#.########.#.###.#....#
#..ooo@....#.# #.#..#..
############÷###.#..#..
######.....(÷..##.
.........###.#.###.
.........# #<#.# #>
.........#####.# ##
#######........#
##.....#####
#......'...#


You could see an orc priest, an orc wizard and an orc.

Vanquished Creatures
  4 gnolls (D:2)
  2 adders
  An adder zombie (D:3)
  2 worms (D:2)
  2 orcs (D:3)
  7 bats
  4 endoplasms
  2 giant cockroaches
  8 goblins
  2 hobgoblins (D:1)
  7 quokkas
  7 ball pythons
  A frilled lizard (D:1)
  A giant cockroach zombie (D:3)
  3 kobolds
  3 rats
56 creatures vanquished.

Notes
Turn   | Place    | Note
-------+----------+-------------------------------------------
     0 | D:1      | bande the Gargoyle Fighter began the quest for the Orb.
     0 | D:1      | Reached XP level 1. HP: 14/14 MP: 1/1
   269 | D:1      | Found Piuzxoof's Distillery.
   273 | D:1      | Reached XP level 2. HP: 19/19 MP: 2/2
   769 | D:1      | Reached XP level 3. HP: 23/24 MP: 3/3
  1145 | D:2      | Reached XP level 4. HP: 29/29 MP: 4/4
  1409 | D:2      | Reached skill level 4 in Fighting
  1791 | D:2      | Reached XP level 5. HP: 25/33 MP: 5/5
  2044 | D:3      | Killed from afar by an orc priest

Illustrated notes

Levels and vault maps discovered:
D:1:      dpeg_arrival_water_temple_mockup, layout_loops_ring, serial_shops,
          nicolae_shop_advertising_works [nicolae_subvault_shop_adworks]
D:2:      layout_rooms, amcnicky_mini_rare_corridor_liquid, minmay_tall_x
D:3:      layout_basic, nicolae_yredelemnul_corpse_copse,
          dreamdust_ecumenical_altar_angels_and_demons, uniq_robin

Skill      XL: |  1  2  3  4 |
---------------+-------------+-----
Axes           | 2 3 |  3.2
Fighting       | 4 |  4.1
Armour         | |  3.9
Stealth        | |  0.1
Shields        | |  3.9

Action                   |  1- 3 |  4- 6 || total
-------------------------+-------+-------++-------
Melee: War axe           |    98 |    68 ||   166
  Use: Scroll            |     6 |     2 ||     8
Armor: Scale mail        |    60 |    42 ||   102
Dodge: Dodged            |    63 |    40 ||   103
Block: Buckler           |    23 |    21 ||    44

Table legend: (Time is in decaauts)
 A = Elapsed time spent in this place.
 B = Non-inter-level travel time spent in this place.
 C = Inter-level travel time spent in this place.
 D = Time resting spent in this place.
 E = Time spent auto-exploring this place.
 F = Levels seen in this place.
 G = Mean time per level.
                   A        B        C        D        E       F      G
               +--------+--------+--------+--------+--------+-----+--------+
         Total |   2114 |   2054 |     60 |    570 |   1040 |   3 |  704.7 |
       Dungeon |   2114 |   2054 |     60 |    570 |   1040 |   3 |  704.7 |
               +--------+--------+--------+--------+--------+-----+--------+

Top non-repeatable levels by time:
     D:1: 935 daAuts
     D:2: 861 daAuts
     D:3: 316 daAuts
